outt, neutral female sylph Healer ----- --...| |....--- ---......| |........-- ---.|..)...<| |...|-.....-- |.---|..------ |.| |..| |... |.| -------..- -.| --.....| ..----.|.@B...| .............-- .------...--- outt the Rhizotomist Experience level: 2 Strength: 9 Dexterity: 9 Constitution: 14 Intelligence: 11 Wisdom: 17 Charisma: 16 Health: 0(19) Energy: 21(21) Def: 2 Gold: 2224 Moves: 734 Dungeon seed: 4zs2Wz-g6r9hwof6 Game ID: outt_1540245855 Your Inventory: Coins $ - 2224 gold pieces Weapons a - an uncursed +0 scalpel (weapon in hand) Armor e - an uncursed +1 pair of leather gloves E - an uncursed +0 leather armor (being worn) Comestibles l - 8 blessed eucalyptus leaves p - 6 uncursed apples Scrolls u - an uncursed scroll of enchant weapon v - an uncursed scroll of confuse monster w - 2 uncursed scrolls of identify B - 2 uncursed scrolls of scare monster Spellbooks i - a blessed spellbook of healing j - a blessed spellbook of extra healing k - a blessed spellbook of stone to flesh Potions c - a blessed potion of healing d - 3 uncursed potions of healing f - 4 uncursed potions of extra healing g - a blessed potion of extra healing r - an uncursed potion of gain energy t - an uncursed potion of hallucination C - a cursed potion of gain energy Rings y - an uncursed ring of warning Wands h - an uncursed wand of sleep (0:5) A - a blessed wand of digging (0:4) Tools b - an uncursed stethoscope s - an uncursed magic harp (0:0) D - a cursed partly used tallow candle (lit) (0:112) Gems n - 2 uncursed worthless pieces of white glass q - an uncursed worthless piece of yellow glass z - an uncursed worthless piece of red glass N - an uncursed worthless piece of yellowish brown glass Y - an uncursed amber Spells and supernatural/magical abilities: Name Level Category Fail Memory h - healing 1 healing 0% 97% x - extra healing 3 healing 91% 97% S - stone to flesh 3 healing 96% 97% W - pray for help -- divine ? -- Your skills at the end: Miscellaneous Skills wands [Basic] stealth [Basic] Weapon Skills knife [Basic] Spellcasting Skills healing spells [Basic] Final Attributes: You were devoutly aligned. You were poison resistant. You saw invisible. You were stealthy. You were protected from shape changers. You are dead. Vanquished creatures: a giant bat 2 hobbits an acid blob a gecko 2 gnomes 3 jackals 5 newts 2 goblins 4 grid bugs 21 creatures vanquished. Voluntary challenges: You followed a strict vegan diet. You did not cause conflict. You were not invisible. You did not have reflection. You were not displaced. You used a wielded weapon 24 times, starting on turn 27. You did not apply a unicorn horn. You did not use plumbed fixtures. You did not drink any magical draughts. You read items or engraved 1 time, starting on turn 311. You never genocided any monsters. You never polymorphed an object. You never changed form. You used no wishes. You never split a pudding. You never wrote Elbereth's name. You never violated your personal moral code. Dungeon overview: The Dungeons of Doom: levels 1 to 4 Level 1 a fountain a long staircase Level 2 a fountain Level 3 a delicatessen, an altar to Hermes, a fountain Level 4 stairs to The Gnomish Mines The Gnomish Mines: Level 5 <- You were here stairs to The Dungeons of Doom History has recorded: On T:1 you entered the Dungeons of Doom to retrieve the Amulet of Yendor! On T:89 you reached level 2 of The Dungeons of Doom. On T:366 you reached level 3 of The Dungeons of Doom. On T:517 you advanced to experience level 2. On T:590 you reached level 4 of The Dungeons of Doom. On T:644 you reached level 1 of The Gnomish Mines. Score breakdown: Gold: 435 ( 43 points) Experience: 2 levels ( 100 points) Exploration: 5 levels ( 120 points) Discoveries: 14 items ( 700 points) Variety of kills: 9 monsters ( 450 points) Major goal: (nothing yet) ( 0 points) Survival: died (score multiplied by 3) Total score: 4239 Latest messages: You stop exploring. This sprig of wolfsbane is delicious! You finish eating the sprig of wolfsbane. You hear some noises. You displace €. You stop exploring. The dwarf wields a broad pick! You miss the dwarf. The dwarf swings his broad pick at you. The dwarf hits you! You slash the dwarf. The dwarf is lightly wounded. The dwarf reads a scroll labeled VENZAR BORGAVVE! The giant bat bites! (2x) You hack the giant bat. The giant bat is moderately wounded. The giant bat bites! You hear some noises. The giant bat bites! (2x) You die... Final status: Goodbye outt the Healer, killed by a giant bat... You died in The Gnomish Mines on dungeon level 5 with 4239 points, and 2224 pieces of gold, after 734 moves. You were level 2 with a maximum of 19 hit points when you died.